 Dungeon Crawl Stone Soup version 0.23-a0-619-g281719c (console) character file.

9 Duffy the Magician (level 2, -3/22 HPs)
             Began as a Naga Wizard on Dec 22, 2018.
             Slain by a leopard gecko (4 damage)
             ... on level 1 of the Dungeon.
             The game lasted 00:00:43 (423 turns).

Duffy the Magician (Naga Wizard)                     Turns: 423, Time: 00:00:43

Health: -3/22      AC:  1    Str:  9    XL:     2   Next: 12%
Magic:  6/6        EV: 10    Int: 18    God:
Gold:   49         SH:  0    Dex:  9    Spells: 6/7 levels left

rFire    . . .     SeeInvis +   f - +0 dagger (venom)
rCold    . . .     Gourm    .   (no shield)
rNeg     . . .     Faith    .   a - +0 robe
rPois    +         Spirit   .   b - +0 hat
rElec    .         Reflect  .   e - scarf {repulsion}
rCorr    .         Harm     .   (no gloves)
MR       .....                  (no barding)
Stlth    ++........             (no amulet)
HPRegen  0.07/turn              (no ring)
MPRegen  0.10/turn              (no ring)

@: repel missiles, very slow
A: large, see invisible, deformed body, poison resistance, slowness 2, slow
metabolism 1, spit poison 1, AC +0
a: Spit Poison


You were on level 1 of the Dungeon.
You were not hungry.

You visited 1 branch of the dungeon, and saw 1 of its levels.

You collected 49 gold pieces.

Inventory:

Hand Weapons
 f - a +0 dagger of venom (weapon)
Armour
 a - a +0 robe (worn)
 b - a +0 hat (worn)
 e - a scarf of repulsion (worn)
Scrolls
 c - a scroll of identify {unknown}
Potions
 g - a potion of degeneration {unknown}
Comestibles
 d - 2 rations
 h - a chunk of flesh


   Skills:
 + Level 0.1 Fighting
 - Level 1.5 Dodging
 - Level 3.0 Stealth
 + Level 3.2 Spellcasting
 + Level 1.5 Conjurations
   Level 1.0 Summonings
   Level 1.0 Translocations


You had 6 spell levels left.
You knew the following spells:

 Your Spells              Type           Power        Failure   Level  Hunger
h - Magic Dart            Conj           #...         9%          1    None

Your spell library contained the following spells:

 Spells                   Type           Power        Failure   Level  Hunger
 Blink                    Tloc           N/A          16%         2    ##.....
 Call Imp                 Summ           #.......     16%         2    ##.....
 Slow                     Hex            #.......     24%         2    ##.....
 Conjure Flame            Conj/Fire      #.......     34%         3    ###....
 Mephitic Cloud           Conj/Pois/Air  #.......     36%         3    ###....


Dungeon Overview and Level Annotations

Branches:
Dungeon (1/15)

Altars:


Innate Abilities, Weirdness & Mutations

You cannot wear boots.
Your serpentine skin is tough. (AC +0)
You have supernaturally acute eyesight. (SInv)
Armour fits poorly on your strangely shaped body.
Your system is resistant to poisons. (rPois)
You cover ground very slowly.
You have a slow metabolism.
You can spit poison.


Message History

You are too injured to fight recklessly!
You are too injured to fight recklessly!
You are too injured to fight recklessly!
You are too injured to fight recklessly!
You are too injured to fight recklessly!
You are too injured to fight recklessly!
You closely miss the jackal.
The jackal is almost dead.
You kill the jackal!
The leopard gecko barely misses you.
You closely miss the leopard gecko. The leopard gecko bites you. x2
You hit the leopard gecko but do no damage.
The leopard gecko is poisoned.
The leopard gecko bites you.
You barely miss the leopard gecko.
The leopard gecko is lightly wounded.
The leopard gecko bites you. The leopard gecko closely misses you.
The leopard gecko hisses menacingly.
The leopard gecko bites you.
You die...

.... .# ##+# #..# .## ....
#..#)..# .....####..#...###.
.....#..............
....>.....=.........
........?...........
..........###.......
####.........@l...........
###.......#.................
#.........#.................
#...........................
#............####........#.#
#...............#........#
#.................%..###.#
#....................# +#
#.#..........#..........


You could see a leopard gecko.

Vanquished Creatures
  3 jackals (D:1)
  3 goblins (D:1)
  A kobold (D:1)
  2 rats (D:1)
9 creatures vanquished.

Notes
Turn   | Place    | Note
-------+----------+-------------------------------------------
     0 | D:1      | Duffy the Naga Wizard began the quest for the Orb.
     0 | D:1      | Reached XP level 1. HP: 15/15 MP: 4/4
   326 | D:1      | Reached XP level 2. HP: 19/22 MP: 3/6
   421 | D:1      | HP: 1/22 [leopard gecko (1)]
   423 | D:1      | Slain by a leopard gecko

Vault maps used:
D:1:      giann_forest_graveyard, minmay_misc_feat_roman

Action                   || total
-------------------------++-------
Melee: Dagger            ||    12
 Cast: Magic Dart        ||    14
 Abil: Spit Poison       ||     5
Armor: Robe              ||     2
Dodge: Dodged            ||    12

Table legend:
 A = Non-vault XP
 B = Vault XP
 C = Vault XP percentage of total XP
 D = Non-vault monster count
 E = Vault monster count
 F = Vault count percentage of total count
                 A         B        C        D         E       F
            +---------+---------+-------+---------+---------+-------
      Total |      13 |       0 |   0.0 |       9 |       0 |   0.0
            +---------+---------+-------+---------+---------+-------
        D:1 |      13 |       0 |   0.0 |       9 |       0 |   0.0
            +---------+---------+-------+---------+---------+-------
